Brumm, chaotic male human Barbarian ----- ------ |...| |.....| ...|.-.---.---.|---------- ....%......|...|......^..| -[M..^..----|.--|^........| |.M.[...| |...-....<.[..| |@.?|.-[| ----|.........| ..d |...| |.........| -- .- ----------- Brumm the Bandit Experience level: 9 Strength: 18 Dexterity: 18 Constitution: 18 Intelligence: 8 Wisdom: 8 Charisma: 7 Health: 0(117) Energy: 21(21) Def: 9 Gold: 91 Moves: 10948 Dungeon seed: EmhwvQJtCxnvQfCH Game ID: Brumm_1500390761 Your Inventory: Coins $ - 91 gold pieces Weapons a - a +1 battle-axe (weapon in hands) q - a +0 dwarvish short sword H - a blessed +0 sling Armor e - an uncursed +0 dwarvish cloak (being worn) l - an uncursed +0 pair of iron shoes (being worn) n - an uncursed thoroughly rusty +0 pair of kicking boots J - an uncursed +0 dwarvish mithril-coat (being worn) W - a cursed -1 dwarvish iron helm (being worn) Comestibles d - 5 uncursed tripe rations v - 5 uncursed food rations U - an uncursed pancake X - 2 uncursed lichen corpses Y - 2 uncursed lizard corpses Scrolls E - an uncursed scroll of teleportation Z - an uncursed scroll of earth Spellbooks R - an uncursed spellbook of protection Potions g - an uncursed potion of hallucination h - a blessed potion of sickness o - an uncursed potion of restore ability A - 3 uncursed potions of booze M - an uncursed potion of full healing P - a cursed potion of polymorph T - an uncursed potion of acid V - an uncursed potion of speed Rings z - a cursed -1 ring of increase accuracy C - an uncursed ring of stealth F - a cursed ring of polymorph L - an uncursed ring of regeneration S - a cursed ring of invisibility Wands f - a wand of sleep (0:6) r - a wand of light (0:8) w - a wand of magic missile (0:1) x - a wand of striking (0:0) D - a wand of opening (0:7) N - a wand of lightning (0:0) O - a wand of digging (0:2) Tools b - an uncursed blindfold c - an uncursed credit card j - an uncursed lock pick m - an uncursed mirror p - a +0 pick-axe s - a cursed stethoscope t - an uncursed magic whistle u - an uncursed pair of lenses y - an uncursed magic lamp K - 7 cursed wax candles (0:400) Gems i - 2 uncursed worthless pieces of white glass k - an uncursed worthless piece of black glass B - an uncursed worthless piece of blue glass G - an uncursed emerald I - 2 uncursed amethyst stones Spells and supernatural/magical abilities: Name Level Category Fail Memory W - pray for help -- divine ? -- Your skills at the end: Fighting Skills bare handed combat [Basic] Weapon Skills axe [Expert] short sword [Skilled] Spellcasting Skills Final Attributes: You were piously aligned. You were poison resistant. You were fast. You are dead. Vanquished creatures: a ghost a giant mimic a small mimic a pyrolisk a freezing sphere a dwarf king 2 tengu a leocrotta an elf mummy an incubus a mumak 2 giant spiders an ice vortex a black light a vampire bat 3 gnome kings a dwarf mummy a yeti 2 gold golems 2 lizards 2 dwarf lords a raven a plains centaur 2 gnome mummies a snake an ape 2 human zombies a rope golem a fire ant 5 bugbears 8 Mordor orcs 6 Uruk-hai 2 orc shamans 3 yellow lights 2 shriekers 16 gnome lords 6 gnomish wizards 2 kobold mummies 2 black naga hatchlings a golden naga hatchling a gray ooze a barrow wight a straw golem 3 giant ants a little dog a kitten 18 dwarves a homunculus 2 kobold shamans 6 hill orcs 5 rothes a centipede a giant bat a monkey 3 orc zombies 8 dwarf zombies a wererat a werejackal 3 iguanas 8 killer bees a coyote 6 hobbits a large kobold 3 giant rats a yellow mold 58 gnomes 12 garter snakes 8 geckos 6 jackals 4 foxes a kobold 4 goblins a sewer rat 7 grid bugs 3 lichens 3 kobold zombies 10 newts 287 creatures vanquished. Voluntary challenges: You had been an atheist until turn 5960. You used a wielded weapon 417 times, starting on turn 157. You read items or engraved 50 times, starting on turn 2397. You never genocided any monsters. You never polymorphed an object. You never changed form. You used no wishes. You never split a pudding. You wrote Elbereth's name 26 times, starting on turn 2685. You violated your moral code, losing 19 points of alignment, starting on turn 3658. Dungeon overview: The Dungeons of Doom: levels 1 to 8 Level 1 a fountain a long staircase Level 2 some fountains stairs to The Gnomish Mines Level 3 Level 4 Level 5 a wand shop, a fountain Level 6 Level 7 a fountain, a throne stairs to Sokoban Level 8 The Gnomish Mines: levels 3 to 11 Level 3 stairs to The Dungeons of Doom Level 4 Level 5 Level 6 many shops, a temple to Mitra, some fountains Level 7 Level 8 Level 9 Level 10 Level 11 <- You were here Sokoban: levels 5 to 6 Level 5 Level 6 stairs to The Dungeons of Doom History has recorded: On T:1 you entered the Dungeons of Doom to retrieve the Amulet of Yendor! On T:314 you reached level 2 of The Dungeons of Doom. On T:376 you reached level 1 of The Gnomish Mines. On T:420 you advanced to experience level 2. On T:426 you advanced to experience level 3. On T:457 you reached level 2 of The Gnomish Mines. On T:554 you advanced to experience level 4. On T:686 you reached level 3 of The Gnomish Mines. On T:700 you advanced to experience level 5. On T:1755 you reached level 4 of The Gnomish Mines. On T:2076 you advanced to experience level 6. On T:2111 you reached level 5 of The Gnomish Mines. On T:2465 you advanced to experience level 7. On T:2498 you reached level 6 of The Gnomish Mines. On T:3140 you reached level 7 of The Gnomish Mines. On T:3248 you reached level 8 of The Gnomish Mines. On T:3582 you advanced to experience level 8. On T:3914 you reached level 9 of The Gnomish Mines. On T:5066 you reached level 3 of The Dungeons of Doom. On T:5488 you reached level 4 of The Dungeons of Doom. On T:5585 you reached level 5 of The Dungeons of Doom. On T:5698 you reached level 6 of The Dungeons of Doom. On T:5924 you reached level 7 of The Dungeons of Doom. On T:6276 you reached level 8 of The Dungeons of Doom. On T:6834 you reached level 4 of Sokoban. On T:7507 you reached level 3 of Sokoban. On T:7741 you advanced to experience level 9. Score breakdown: Gold: 91 ( 6680 points) Experience: 9 levels (15756 points) Exploration: 11 levels ( 22.45%) (13693 points) Discoveries: 26 items ( 10.61%) ( 9772 points) Valuables value: (no points given unless you survive) Artifact value: 0 ( 0 points) Variety of kills: 77 monsters ( 20.21%) (13486 points) Turncount: 10948 turns (-2512 points) Survival: died (score multiplied by 80%) Total score: 45500 Latest messages: You read: "Elbereth". You see no objects here. Largo picks up a scroll of punishment. Largo drops a scroll of punishment. The ettin mummy hits! (2x) You wipe out the message that was written in the dust here. You write in the dust with your fingers. The ettin mummy misses. The ettin mummy hits! You wipe out the message that was written in the dust here. You write in the dust with your fingers. The ettin mummy hits! (2x) The dwarf mummy hits! You see here a scroll of punishment. The ettin mummy hits! (2x) You die... Final status: Goodbye Brumm the Barbarian, killed by an ettin mummy... You died in The Gnomish Mines on dungeon level 11 with 45500 points, and 91 pieces of gold, after 10948 moves. You were level 9 with a maximum of 117 hit points when you died.